Map: Terrasses de Prion

Players

Rodri

  • Race: Terran Terran
  • League: Silver

pupu - Winner!

  • Race: Protoss Protoss
  • League: Silver

VOD

Have the link to the VOD?

Description

Time

  • Played on: April 12, 2016, 5:14 a.m.
  • Length: 11:13
Show
View Real Time Build Order
Export as new Build Order

Rodri Terran 

Build Orders:  

Get SALT Encoding   

  12  0:01  SCV  
  13  0:14  SCV  
  14  0:30  Supply Depot  
  14  0:53  Supply Depot  
  14  1:00  Supply Depot  
  14  1:08  SCV  
  15  1:30  Barracks  
  15  1:51  Supply Depot  
  15  2:00  Refinery  
  15  2:08  SCV  
  16  2:12  Command Center  
  16  2:18  Barracks  
  16  2:29  Orbital Command  
  16  2:34  Marine  
  17  2:48  Refinery  
  17  2:56  Barracks, SCV  
  18  3:08  SCV  
  19  3:21  Refinery  
  19  3:29  Factory  
  19  3:30  Marine x2  
  21  3:34  SCV  
  21  3:41  SCV  
  23  3:48  Barracks Tech Lab  
  23  3:51  Barracks Tech Lab  
  23  3:53  SCV  
  24  3:55  SCV  
  25  4:08  SCV  
  26  4:13  Factory Reactor  
  26  4:18  Starport  
  26  4:19  Barracks Tech Lab  
  26  4:22  Marauder x2  
  30  4:38  Concussive Shells  
  30  4:40  Marauder  
  30  4:43  Marauder, Marine  
  35  4:45  Barracks  
  35  4:51  Engineering Bay  
  35  5:01  Marine x2  
  35  5:03  Barracks  
  37  5:08  Marauder  
  37  5:10  SCV  
  40  5:21  Marauder  
  42  5:22  Marauder, SCV  
  45  5:29  Marine  
  45  5:35  Medivac  
  48  5:39  Medivac  
  48  5:41  Marine  
  51  5:43  Marine  
  51  5:47  Starport  
  52  5:51  Missile Turret  
  52  5:57  Missile Turret  
  42  6:29  SCV  
  42  6:30  SCV  
  43  6:37  Medivac  
  45  6:41  SCV, Medivac  
  45  6:42  SCV  
  49  6:53  SCV  
  49  6:54  SCV  
  51  7:06  SCV  
  51  7:07  Marine x3  
  54  7:35  Marauder  
  54  7:36  Marauder  
  54  7:37  Combat Shields  
  54  7:53  Missile Turret  
  50  8:44  Missile Turret  
  50  8:54  Marine x3  
  50  8:55  Marine  
  54  9:25  SCV  
  54  9:26  SCV  
  56  9:38  SCV x2  
  58  9:43  Marauder x2  
  62  9:56  Marine  
  62  9:58  Supply Depot  
  62  10:01  Supply Depot  
  62  10:19  Marine  
  62  10:20  SCV  
Show
View Real Time Build Order
Export as new Build Order

pupu Protoss - Winner!

Build Orders:  

Get SALT Encoding   

  12  0:00  Probe (Chrono Boost)  
  13  0:11  Probe (Chrono Boost)  
  14  0:18  Pylon  
  14  0:22  Probe (Chrono Boost)  
  15  0:36  Probe (Chrono Boost)  
  15  0:38  Gateway  
  16  0:47  Probe (Chrono Boost), Assimilator  
  17  0:57  Probe (Chrono Boost)  
  17  0:58  Assimilator  
  18  1:08  Probe (Chrono Boost)  
  18  1:09  Pylon  
  19  1:19  Probe (Chrono Boost)  
  20  1:29  Probe (Chrono Boost)  
  22  1:40  Cybernetics Core, Probe (Chrono Boost)  
  22  1:50  Probe (Chrono Boost)  
  23  2:03  Probe (Chrono Boost), Nexus  
  24  2:14  Probe (Chrono Boost)  
  25  2:16  Warp Gate (Chrono Boost)  
  25  2:21  Twilight Council  
  25  2:25  Probe  
  26  2:37  Probe  
  27  2:41  Gateway  
  27  2:49  Probe, Gateway  
  28  3:03  Charge (Chrono Boost)  
  28  3:09  Probe  
  29  3:18  Robotics Facility  
  29  3:23  Pylon  
  29  3:24  Probe  
  29  3:26  Probe  
  31  3:33  Zealot  
  33  3:42  Gateway  
  33  3:43  Probe  
  33  3:44  Probe  
  35  3:57  Pylon, Mothership Core  
  37  4:05  Pylon  
  37  4:09  Warp Prism  
  37  4:13  Probe  
  40  4:18  Probe  
  40  4:21  Forge  
  41  4:26  Probe  
  41  4:30  Probe, Pylon  
  43  4:33  Pylon  
  43  4:38  Probe  
  44  4:41  Zealot, Blink (Chrono Boost)  
  44  4:44  Zealot  
  48  4:52  Probe x2  
  50  5:00  Assimilator  
  50  5:01  Pylon  
  50  5:05  Pylon  
  50  5:09  Pylon  
  50  5:11  Photon Cannon  
  50  5:13  Protoss Ground Weapons Level 1  
  50  5:18  Probe x2  
  52  5:23  Pylon  
  52  5:25  Adept x2  
  52  5:26  Adept, Pylon  
  58  5:30  Adept  
  60  5:54  Zealot x3  
  60  5:55  Zealot  
  54  6:36  Probe x2  
  54  7:00  Zealot  
  54  7:01  Zealot  
  58  7:02  Zealot x2  
  60  7:15  Zealot  
  58  7:21  Zealot x2  
  58  7:22  Zealot  
  58  7:39  Zealot  
  58  8:10  Zealot x4  
  54  8:50  Probe x2  
  56  8:58  Gateway  
  56  9:02  Probe, Gateway  
  57  9:04  Assimilator, Gateway  
  57  9:05  Gateway  
  57  9:07  Gateway  
  57  9:09  Gateway  
  57  9:10  Zealot x4  
  57  9:11  Gateway  
  57  9:13  Probe  
  57  9:14  Probe  
  67  9:29  Nexus  
  67  9:31  Zealot x4  
  69  9:32  Pylon  
  69  9:33  Pylon  
  69  9:35  Pylon  
  69  9:37  Pylon  
  75  9:39  Pylon  
  75  9:40  Assimilator  
  66  10:00  Zealot x4  
  66  10:01  Zealot x3  
  80  10:11  Zealot x3  
  84  10:21  Zealot  
  84  10:22  Zealot x6  
  98  10:39  Zealot x2  
  98  10:40  Zealot  
  102  11:06  Pylon  
  102  11:08  Pylon  
  102  11:10  Pylon  
  102  11:12  Pylon  
Tags
 
Add a new tag
Caveats
  • Supply blocks, unpowered buildings, or Contaminate may cause inaccurate times.
  • Supply counts are checked every 10 seconds.